 Dungeon Crawl Stone Soup version 0.26-a0-712-ga5a9c9c9d0 (webtiles) character file.

Game seed: 5302520114272307277

72 Apogee the Chiller (level 4, -7/33 HPs)
             Began as a Draconian Ice Elementalist on Nov 5, 2020.
             Mangled by Sigmund
             ... wielding a +2 vampiric scythe
              (15 damage)
             ... on level 2 of the Dungeon.
             The game lasted 00:05:42 (1930 turns).

Apogee the Chiller (Draconian Ice Elementalist)     Turns: 1930, Time: 00:05:42

Health: -7/33      AC:  5    Str: 10    XL:     4   Next: 7%
Magic:  2/8        EV: 12    Int: 15    God:
Gold:   38         SH:  0    Dex: 13    Spells: 2/9 levels left

rFire    . . .     SeeInvis .   b - +1 dagger (elec)
rCold    . . .     Faith    .   (no shield)
rNeg     . . .     Spirit   .   (armour unavailable)
rPois    .         Reflect  .   (helmet restricted)
rElec    .         Harm     .   (no cloak)
rCorr    .         Rampage  .   (no gloves)
MR       .....                  (no boots)
Stlth    +.........             (no amulet)
HPRegen  0.11/turn              (no ring)
MPRegen  0.11/turn              (no ring)

@: confused, frozen ramparts
A: unfitting armour, cold-blooded, AC +5
a: no special abilities


You were on level 2 of the Dungeon.
You visited 1 branch of the dungeon, and saw 2 of its levels.

You collected 38 gold pieces.

Inventory:

Hand Weapons
 b - a +1 dagger of electrocution (weapon)
   (You took it off a kobold on level 1 of the Dungeon)
Armour
 k - a +0 buckler
   (You found it on level 2 of the Dungeon)
Jewellery
 a - an uncursed amulet of the acrobat {unknown}
   (You found it on level 1 of the Dungeon)
 g - an uncursed amulet of reflection {unknown}
   (You found it on level 2 of the Dungeon)
Scrolls
 c - 2 scrolls of remove curse {unknown}
 d - 2 scrolls of fear {unknown}
 e - 2 scrolls of noise {unknown}
 j - a scroll of enchant weapon {unknown}
Potions
 f - a potion of berserk rage {unknown}
 h - 2 potions of mutation {unknown}
 i - a potion of magic {unknown}
 l - a potion of invisibility


   Skills:
 - Level 1.7 Dodging
 - Level 1.7 Stealth
 + Level 3.2 Spellcasting
 + Level 4.9 Ice Magic


You had 2 spell levels left.
You knew the following spells:

 Your Spells              Type           Power        Failure   Level
a - Freeze                Ice            ###.         2%          1
b - Frozen Ramparts       Ice            ###...       8%          3
c - Ozocubu's Armour      Ice            ###.....     8%          3

Your spell library contained the following spells:

 Spells                   Type           Power        Failure   Level
 Hailstorm                Conj/Ice       #.......     56%         4
 Summon Ice Beast         Ice/Summ       #.......     56%         4


Dungeon Overview and Level Annotations

Branches:
Dungeon (2/15)

Altars:
The Shining One

Annotations:
D:2 Robin, Sigmund


Innate Abilities, Weirdness & Mutations

Your plain brown scales are hard. (AC +5)
You cannot fit into any form of body armour.
You are cold-blooded and may be slowed by cold attacks.


Message History

Your icy armour starts to melt.
Your icy armour evaporates.
Things that are here:
a +0 dagger; a +1 robe; the human corpse of Jessica
l - a potion of invisibility A rat comes into view.
A rat is nearby!
A rat is nearby!
Sigmund the Dreaded comes into view.
He is wielding a +2 vampiric scythe.
Sigmund shouts!
Sigmund points at you and mumbles some strange words.
You are confused.
The rat bites you but does no damage. The rat bites you but does no damage.
The rat bites you. Sigmund closely misses you. The rat bites you.
You feel less confused.
Sigmund hits you with a +2 vampiric scythe!
The rat closely misses you.
Unknown command.
The rat bites you.
* * * LOW HITPOINT WARNING * * *
Sigmund misses you. The rat bites you but does no damage.
The spell is quite dangerous to cast (8% risk of failure)!
Continue anyway? [Y]es or [N]o only, please.
The spell is quite dangerous to cast (8% risk of failure)!
Continue anyway?
The walls around you are covered in ice.
The wall freezes the rat.
The rat barely misses you.
The wall freezes the rat.
You kill the rat!
The wall freezes Sigmund.
Sigmund screams, "I am the angel of ZOT!!!"
The wall freezes Sigmund.
Sigmund hits you with a +2 vampiric scythe!
* * * LOW HITPOINT WARNING * * *
Sigmund draws strength from your wounds!
The spell is quite dangerous to cast (8% risk of failure)!
Continue anyway?
A film of ice covers your body!
You hit Sigmund but do no damage. Lightning courses through Sigmund!
The wall freezes Sigmund.
Sigmund drinks a potion.
Sigmund is healed!
You barely miss Sigmund.
The wall freezes Sigmund.
Sigmund gestures at you while chanting.
You are confused.
Your icy armour cracks and falls away as you move.
The wall freezes Sigmund.
Sigmund breathes a few words.
Sigmund's hands start flickering wildly.
Sigmund hits you from afar with a +2 vampiric scythe!
You die...

######## #..†.........# ##
#......# #............#
##...#......#
#............#
#............#
#........#####
+..........@.# #........#
#......##..#.# #.......##
#......#.###†#######.....##
#......## ##@...........#
#^..... #..@.........#
#...... ##...........##
.... #......).....#
##...........#
#...........# #...........#
#............#
##...........#
#...........#


You could see Sigmund.

Vanquished Creatures
  Jessica (D:2)
  An ooze (D:2)
  A worm (D:2)
  A ball python (D:2)
  4 bats
  2 giant cockroaches (D:1)
  10 goblins
  4 hobgoblins
  5 kobolds
  2 frilled lizards (D:1)
  6 rats
37 creatures vanquished.

Notes
Turn   | Place    | Note
-------+----------+-------------------------------------------
     0 | D:1      | Apogee the Draconian Ice Elementalist began the quest for
                  | the Orb.
     0 | D:1      | Reached XP level 1. HP: 14/14 MP: 3/3
   253 | D:1      | Reached XP level 2. HP: 20/20 MP: 3/5
  1099 | D:2      | Noticed Robin
  1126 | D:1      | Reached XP level 3. HP: 16/26 MP: 4/7
  1421 | D:2      | Learned a level 3 spell: Frozen Ramparts
  1425 | D:2      | Learned a level 3 spell: Ozocubu's Armour
  1429 | D:2      | Found a glowing golden altar of the Shining One.
  1840 | D:2      | Noticed Jessica
  1847 | D:2      | Killed Jessica
  1847 | D:2      | Reached XP level 4. HP: 27/33 MP: 4/8
  1906 | D:2      | Noticed Sigmund
  1930 | D:2      | Mangled by Sigmund

Illustrated notes

Levels and vault maps discovered:
D:1:      lightli_arrival_farm, layout_basic
D:2:      layout_basic, grunt_decor_resistance, tso_altar, uniq_jessica,
          uniq_robin, uniq_sigmund

Skill      XL: |  1  2  3 |
---------------+----------+-----
Spellcasting   | 3 |  3.2
Dodging        | |  1.7
Stealth        | |  1.7
Ice Magic      | |  4.9

Action                   |  1- 3 |  4- 6 || total
-------------------------+-------+-------++-------
Melee: Unarmed           |     3 |       ||     3
       Tailslap          |     4 |       ||     4
       Dagger            |    24 |     8 ||    32
 Cast: Freeze            |    24 |       ||    24
       Frozen Ramparts   |     2 |     1 ||     3
       Ozocubu's Armour  |     1 |     1 ||     2
  Use: Potion            |     1 |       ||     1
Armor: Skin              |    13 |     5 ||    18
Dodge: Dodged            |    43 |     7 ||    50

Table legend: (Time is in decaauts)
 A = Elapsed time spent in this place.
 B = Non-inter-level travel time spent in this place.
 C = Inter-level travel time spent in this place.
 D = Time resting spent in this place.
 E = Time spent auto-exploring this place.
 F = Levels seen in this place.
 G = Mean time per level.
                   A        B        C        D        E       F      G
               +--------+--------+--------+--------+--------+-----+--------+
         Total |   1947 |   1872 |     75 |    253 |   1292 |   2 |  973.5 |
       Dungeon |   1947 |   1872 |     75 |    253 |   1292 |   2 |  973.5 |
               +--------+--------+--------+--------+--------+-----+--------+

Top non-repeatable levels by time:
     D:1: 1216 daAuts
     D:2: 730 daAuts
